Flames vs Flyers

Created - 5 janvier 2019 at 18:53

Goals
1 2 3 T
Flames 0 2 0 2
Flyers 0 2 1 3
Shots
1 2 3 T
Flames 9 16 6 31
Flyers 3 10 18 31

1st period

No Goal

Penalties :
Kyle Palmieri (CGY) for Roughing (Minor) at 13:01, Nico Hischier (PHI) for Holding (Minor) at 14:16

2nd period

1. Flyers , Andre Burakovsky 6 (Calle Jarnkrok 17, Andrew MacDonald 9) at 1:08
2. Flyers , Andre Burakovsky 7 (Jonathan Ericsson 14) at 12:01
3. Flames , James van Riemsdyk 7 (Kyle Palmieri 14, Jared Spurgeon 23) at 18:50
4. Flames , Kyle Palmieri 10 (Jared Spurgeon 24, James van Riemsdyk 7) at 19:50

Penalties :
Kyle Palmieri (CGY) for Slashing (Minor) at 8:54, Jonathan Ericsson (PHI) for Hooking (Minor) at 15:20

3rd period

5. Flyers , Robert Bortuzzo 1 (Mattias Janmark 5, Matt Benning 4) at 2:32

Penalties :
Kyle Palmieri (CGY) for Goalie Interference (Minor) at 5:02, Adam Lowry (CGY) for Holding (Minor) at 8:45

Goalie Stats

Andrei Vasilevskiy (CGY), 28 saves from 31 shots - (0.903), L, 17-12-2, 60:00 minutes
Ben Bishop (PHI), 29 saves from 31 shots - (0.935), W, 16-8-2, 60:00 minutes

Players Stats for Flames

Player Name              G  A  P  +/- PIM S  H  SB GA TA FO     MP     PP MP  PK MP  
------------------------------------------------------------------------------------
Adam Lowry               0  0  0   0  2   4  3  0  0  0  23/38  23:08   1:31   2:06 
Alec Martinez            0  0  0   0  0   1  5  3  0  0  0/0    21:15   0:38   3:08 
Alexander Radulov        0  0  0   0  0   3  3  0  0  0  3/8    24:54   1:31   3:51 
Artem Anisimov           0  0  0  -1  0   3  0  0  0  0  6/10   10:50   0:00   0:00 
Brady Skjei              0  0  0  -1  0   1  2  1  0  0  0/0    12:22   0:00   0:00 
Brandon Sutter           0  0  0   1  0   3  2  0  0  0  12/26  18:16   1:43   2:30 
David Kampf              0  0  0  -1  0   0  0  0  0  0  0/1     5:47   0:00   0:38 
James van Riemsdyk       1  1  2   1  0   1  0  0  0  0  1/2    16:39   1:43   0:00 
Jared Spurgeon           0  2  2   0  0   1  0  3  0  0  0/0    21:15   0:38   3:08 
Jason Garrison           0  0  0  -1  0   0  2  0  0  0  0/0    12:22   0:00   0:00 
John Carlson             0  0  0   0  0   2  2  4  0  0  0/0    26:23   2:36   4:04 
Jordan Martinook         0  0  0  -1  0   0  1  0  0  0  0/0     5:09   0:00   0:00 
Justin Faulk             0  0  0   0  0   1  5  3  0  0  0/0    26:23   2:36   4:04 
Kyle Palmieri            1  1  2   1  6   3  4  0  0  0  1/1    16:48   1:43   0:12 
Matthew Peca             0  0  0  -1  0   1  1  0  0  0  5/9     8:37   0:00   3:22 
Rick Nash                0  0  0   0  0   3  1  0  0  0  0/2    22:04   1:31   1:45 
Timo Meier               0  0  0  -1  0   4  2  0  0  0  0/0     9:51   0:00   0:00 
Viktor Arvidsson         0  0  0  -1  0   0  0  0  0  0  0/0     9:57   0:00   0:00 

Players Stats for Flyers

Player Name              G  A  P  +/- PIM S  H  SB GA TA FO     MP     PP MP  PK MP  
------------------------------------------------------------------------------------
Alexander Killorn        0  0  0  -1  0   2  2  0  0  0  0/0    22:01   3:28   0:22 
Andre Burakovsky         2  0  2   2  0   3  1  0  0  0  0/0    10:24   0:00   0:00 
Andrew MacDonald         0  1  1   1  0   0  2  1  0  0  0/0    20:47   1:15   2:02 
Anthony Beauvillier      0  0  0   0  0   2  2  1  0  0  0/0    20:03   3:28   1:50 
Ben Hutton               0  0  0   0  0   0  0  5  0  0  0/0    21:53   0:00   1:52 
Brandon Saad             0  0  0   0  0   3  2  1  0  0  0/1    18:44   3:44   0:00 
Calle Jarnkrok           0  1  1   2  0   2  2  0  0  0  7/17   16:19   3:44   1:02 
Casey Cizikas            0  0  0   0  0   0  2  2  0  0  10/19   9:14   0:00   2:27 
Dominik Simon            0  0  0   0  0   0  0  0  0  0  0/0     5:53   0:00   0:00 
Jonathan Ericsson        0  1  1   1  2   1  4  2  0  0  0/0    21:38   3:51   0:30 
Jori Lehtera             0  0  0   0  0   4  0  0  0  0  0/0     5:53   0:00   0:00 
Mathew Barzal            0  0  0  -1  0   3  0  1  0  0  13/29  20:51   3:28   0:00 
Matt Benning             0  1  1   0  0   1  1  0  0  0  0/0    15:06   3:21   0:00 
Mattias Janmark          0  1  1   2  0   4  0  0  0  0  0/0    11:11   0:00   0:47 
Nico Hischier            0  0  0   0  2   1  0  0  0  0  16/30  18:34   3:43   0:00 
Nikita Zaitsev           0  0  0   0  0   1  4  2  0  0  0/0    25:51   3:21   1:41 
Robert Bortuzzo          1  0  1   0  0   1  0  0  0  0  0/0    12:08   0:00   0:23 
Thomas Vanek             0  0  0  -1  0   3  0  0  0  0  0/1    19:30   2:36   0:00 

3 Stars

1 - Andre Burakovsky (PHI)
2 - James van Riemsdyk (CGY)
3 - Calle Jarnkrok (PHI)

Power Play

Flames - 0 on 2 Attempt(s) - 0.00%
Flyers - 0 on 4 Attempt(s) - 0.00%

Penalty Kill

Flames - 4 on 4 Attempt(s) - 100.00% - Score 0 goal in Penalty Kill
Flyers - 2 on 2 Attempt(s) - 100.00% - Score 0 goal in Penalty Kill

Team Stat

Flames - Hits : 33 - Faceoff Wins : 51 - Blocked Shots : 14 - Penalty Minutes : 8
Flyers - Hits : 22 - Faceoff Wins : 46 - Blocked Shots : 15 - Penalty Minutes : 4

Official

Referees : Tom Kowal and Brian Pochmara
Linesman : Greg Devorski and Scott Driscoll

Game Notes

Brandon Sutter is injured at 17:17 of 3rd period (Strained Left Elbow)

Finance

Level 1 -- Attendance: 5686 (87.48%) -- Ticket Income 625 460 $
Level 2 -- Attendance: 4459 (89.18%) -- Ticket Income 365 638 $
Level 3 -- Attendance: 3244 (92.69%) -- Ticket Income 204 372 $
Level 4 -- Attendance: 3241 (91.63%) -- Ticket Income 64 820 $
Luxury Box -- Attendance: 994 (99.40%) -- Ticket Income 223 650 $
Game was played at the Wells Fargo Center.
Total Attendance: 17624 (90.21%)
Total Ticket Income: 1 483 940 $
Other Income: 727 131 $
Total Income: 2 211 071 $

% Time on Ice - Flames

Lines # - Real PCT - Wanted PCT - Time Play
Normal Forward
1 - 38% - 40% - 18:00
2 - 31% - 30% - 14:56
3 - 21% - 20% - 9:51
4 - 11% - 10% - 5:09
Normal Defense
1 - 36% - 40% - 17:22
2 - 35% - 30% - 16:45
3 - 26% - 20% - 12:16
4 - 3% - 10% - 1:33
PP Forward
1 - 47% - 60% - 1:31
2 - 53% - 40% - 1:43
PP Defense
1 - 80% - 60% - 2:36
2 - 20% - 40% - 0:38
PK Forward
1 - 65% - 60% - 4:42
2 - 35% - 40% - 2:30
PK Defense
1 - 56% - 60% - 4:04
2 - 44% - 40% - 3:08
PK3 Forward
1 - 0% - 60%
2 - 0% - 40%
PK3 Defense
1 - 0% - 60%
2 - 0% - 40%
44 Forward
1 - 100% - 60% - 0:44
2 - 0% - 40% - 0:00
44 Defense
1 - 0% - 60% - 0:00
2 - 100% - 40% - 0:44
Last Minute Offensive  - 0:54
Last Minute Defensive  - 0:00
Total
Forward - 60:00
Defense - 60:00

% Time on Ice - Flyers

Lines # - Real PCT - Wanted PCT - Time Play
Normal Forward
1 - 35% - 35% - 16:54
2 - 31% - 30% - 14:45
3 - 22% - 23% - 10:24
4 - 12% - 12% - 5:53
Normal Defense
1 - 41% - 42% - 19:40
2 - 34% - 34% - 16:13
3 - 25% - 24% - 11:45
4 - 1% - 0% - 0:18
PP Forward
1 - 48% - 60% - 3:28
2 - 52% - 40% - 3:44
PP Defense
1 - 53% - 60% - 3:51
2 - 47% - 40% - 3:21
PK Forward
1 - 76% - 60% - 2:27
2 - 24% - 40% - 0:47
PK Defense
1 - 30% - 50% - 0:59
2 - 70% - 50% - 2:15
PK3 Forward
1 - 0% - 60%
2 - 0% - 40%
PK3 Defense
1 - 0% - 60%
2 - 0% - 40%
44 Forward
1 - 66% - 60% - 0:29
2 - 34% - 40% - 0:15
44 Defense
1 - 34% - 60% - 0:15
2 - 66% - 40% - 0:29
Last Minute Offensive  - 0:00
Last Minute Defensive  - 0:54
Total
Forward - 60:00
Defense - 60:00

Play-by-Play

1st period


0:01 of 1st period - Adam Lowry wins face-off versus Mathew Barzal in neutral zone.
1:06 of 1st period - Shot by James van Riemsdyk.
1:06 of 1st period - Shot Blocked by Jonathan Ericsson.
1:34 of 1st period - Shot by Anthony Beauvillier.
1:34 of 1st period - Shot Misses the Net.
1:54 of 1st period - Jason Garrison is hit by Jonathan Ericsson and loses puck.
2:06 of 1st period - Viktor Arvidsson is hit by Andrew MacDonald and loses puck.
2:28 of 1st period - Mattias Janmark is hit by Brady Skjei and loses puck.
3:15 of 1st period - Adam Lowry is hit by Nikita Zaitsev and loses puck.
3:18 of 1st period - Shot by Alexander Radulov.
3:18 of 1st period - Stopped by Ben Bishop without a rebound.
3:19 of 1st period - Mathew Barzal wins face-off versus Matthew Peca in Flyers zone.
3:26 of 1st period - Shot by Matthew Peca.
3:26 of 1st period - Shot Blocked by Ben Hutton.
3:28 of 1st period - Shot by Alec Martinez.
3:28 of 1st period - Shot Blocked by Nikita Zaitsev.
3:32 of 1st period - Shot by Matthew Peca.
3:32 of 1st period - Deflect By Jordan Martinook.
3:32 of 1st period - Shot Blocked by Ben Hutton.
3:34 of 1st period - Shot by Jared Spurgeon.
3:34 of 1st period - Shot Misses the Net.
3:38 of 1st period - Shot by Jared Spurgeon.
3:38 of 1st period - Shot Blocked by Nikita Zaitsev.
4:13 of 1st period - Icing by Justin Faulk.
4:14 of 1st period - Calle Jarnkrok wins face-off versus Brandon Sutter in Flames zone.
4:23 of 1st period - Shot by Mattias Janmark.
4:23 of 1st period - Shot Misses the Net.
4:25 of 1st period - Shot by Mattias Janmark.
4:25 of 1st period - Stopped by Andrei Vasilevskiy with a rebound.
5:19 of 1st period - Shot by Casey Cizikas.
5:19 of 1st period - Shot Misses the Net.
5:47 of 1st period - Off-side.
5:48 of 1st period - Artem Anisimov wins face-off versus Mathew Barzal in neutral zone.
5:48 of 1st period - Jared Spurgeon is hit by Alexander Killorn and loses puck.
6:09 of 1st period - Shot by Timo Meier.
6:09 of 1st period - Stopped by Ben Bishop without a rebound.
6:10 of 1st period - Matthew Peca wins face-off versus Nico Hischier in Flyers zone.
6:24 of 1st period - Matthew Peca is hit by Matt Benning and loses puck.
6:59 of 1st period - Shot by Adam Lowry.
6:59 of 1st period - Deflect By Rick Nash.
6:59 of 1st period - Stopped by Ben Bishop without a rebound.
7:00 of 1st period - Adam Lowry wins face-off versus Thomas Vanek in Flyers zone.
7:12 of 1st period - Alexander Radulov is hit by Jonathan Ericsson and loses puck.
7:17 of 1st period - Shot by Alexander Radulov.
7:17 of 1st period - Shot Misses the Net.
7:23 of 1st period - Shot by Adam Lowry.
7:23 of 1st period - Stopped by Ben Bishop without a rebound.
7:24 of 1st period - James van Riemsdyk wins face-off versus Calle Jarnkrok in Flyers zone.
7:51 of 1st period - Shot by Brandon Sutter.
7:51 of 1st period - Shot Misses the Net.
7:53 of 1st period - Shot by Kyle Palmieri.
7:53 of 1st period - Shot Misses the Net.
8:24 of 1st period - Icing by Andrew MacDonald.
8:25 of 1st period - Adam Lowry wins face-off versus Mathew Barzal in Flyers zone.
8:38 of 1st period - Alexander Killorn is hit by Alexander Radulov and loses puck.
8:53 of 1st period - Shot by Alexander Radulov.
8:53 of 1st period - Shot Misses the Net.
9:51 of 1st period - Shot by Artem Anisimov.
9:51 of 1st period - Shot Misses the Net.
10:16 of 1st period - Shot by Matthew Peca.
10:16 of 1st period - Stopped by Ben Bishop without a rebound.
10:17 of 1st period - Calle Jarnkrok wins face-off versus Brandon Sutter in Flyers zone.
10:30 of 1st period - Mattias Janmark is hit by Brandon Sutter and loses puck.
10:39 of 1st period - Shot by Calle Jarnkrok.
10:39 of 1st period - Shot Misses the Net.
10:45 of 1st period - Shot by Mattias Janmark.
10:45 of 1st period - Stopped by Andrei Vasilevskiy without a rebound.
10:46 of 1st period - Casey Cizikas wins face-off versus Rick Nash in Flames zone.
10:51 of 1st period - Shot by Jori Lehtera.
10:51 of 1st period - Stopped by Andrei Vasilevskiy without a rebound.
10:52 of 1st period - Casey Cizikas wins face-off versus Rick Nash in Flames zone.
11:07 of 1st period - Shot by Rick Nash.
11:07 of 1st period - Stopped by Ben Bishop with a rebound.
11:09 of 1st period - Shot by Adam Lowry.
11:09 of 1st period - Stopped by Ben Bishop without a rebound.
11:10 of 1st period - Artem Anisimov wins face-off versus Mathew Barzal in Flyers zone.
11:10 of 1st period - Viktor Arvidsson is hit by Nikita Zaitsev and loses puck.
11:19 of 1st period - Shot by Artem Anisimov.
11:19 of 1st period - Stopped by Ben Bishop with a rebound.
11:39 of 1st period - Shot by Viktor Arvidsson.
11:39 of 1st period - Deflect By Timo Meier.
11:39 of 1st period - Stopped by Ben Bishop without a rebound.
11:40 of 1st period - Adam Lowry wins face-off versus Nico Hischier in Flyers zone.
11:54 of 1st period - Alec Martinez is hit by Anthony Beauvillier and loses puck.
13:00 of 1st period - Shot by Kyle Palmieri.
13:00 of 1st period - Shot Misses the Net.
13:01 of 1st period - Minor Penalty to Kyle Palmieri for Roughing.
13:02 of 1st period - Mathew Barzal wins face-off versus Alexander Radulov in Flames zone.
14:06 of 1st period - Icing by Nico Hischier.
14:07 of 1st period - Calle Jarnkrok wins face-off versus Brandon Sutter in Flyers zone.
14:16 of 1st period - Minor Penalty to Nico Hischier for Holding.
14:17 of 1st period - Mathew Barzal wins face-off versus Alexander Radulov in Flyers zone.
14:45 of 1st period - Icing by Alec Martinez.
14:46 of 1st period - Alexander Radulov wins face-off versus Brandon Saad in Flames zone.
14:51 of 1st period - Ben Hutton is hit by Adam Lowry and loses puck.
15:15 of 1st period - Icing by Kyle Palmieri.
15:16 of 1st period - Brandon Sutter wins face-off versus Casey Cizikas in Flames zone.
15:25 of 1st period - Shot by Justin Faulk.
15:25 of 1st period - Shot Blocked by Jonathan Ericsson.
15:27 of 1st period - Shot by Brandon Sutter.
15:27 of 1st period - Shot Blocked by Casey Cizikas.
16:05 of 1st period - Alexander Killorn is hit by Brandon Sutter and loses puck.
16:41 of 1st period - Icing by Matt Benning.
16:42 of 1st period - Calle Jarnkrok wins face-off versus Matthew Peca in Flyers zone.
16:42 of 1st period - Calle Jarnkrok is hit by Jordan Martinook.
16:47 of 1st period - Off-side.
16:48 of 1st period - Adam Lowry wins face-off versus Mathew Barzal in neutral zone.
17:44 of 1st period - Icing by Jared Spurgeon.
17:45 of 1st period - Adam Lowry wins face-off versus Casey Cizikas in Flames zone.
17:51 of 1st period - Off-side.
17:52 of 1st period - Brandon Sutter wins face-off versus Nico Hischier in neutral zone.
17:58 of 1st period - Icing by Nikita Zaitsev.
17:59 of 1st period - Nico Hischier wins face-off versus Brandon Sutter in Flyers zone.
17:59 of 1st period - Nico Hischier is hit by Kyle Palmieri.
18:10 of 1st period - Anthony Beauvillier is hit by Justin Faulk and loses puck.
18:31 of 1st period - Brandon Saad is hit by Justin Faulk.
19:06 of 1st period - Shot by Artem Anisimov.
19:06 of 1st period - Shot Misses the Net.
19:16 of 1st period - Shot by Artem Anisimov.
19:16 of 1st period - Shot Misses the Net.
19:18 of 1st period - Shot by Artem Anisimov.
19:18 of 1st period - Deflect By Viktor Arvidsson.
19:18 of 1st period - Shot Blocked by Ben Hutton.
19:24 of 1st period - Shot by Timo Meier.
19:24 of 1st period - Shot Blocked by Brandon Saad.
19:51 of 1st period - Alexander Radulov is hit by Jonathan Ericsson and loses puck.
19:58 of 1st period - Shot by Rick Nash.
19:58 of 1st period - Shot Misses the Net.
Goals for this period are 0 for Flames vs 0 for Flyers.
Shots for this period are 9 for Flames vs 3 for Flyers.

2nd period


0:01 of 2nd period - Adam Lowry wins face-off versus Mathew Barzal in neutral zone.
0:29 of 2nd period - Off-side.
0:30 of 2nd period - Brandon Sutter wins face-off versus Calle Jarnkrok in neutral zone.
0:39 of 2nd period - Shot by James van Riemsdyk.
0:39 of 2nd period - Shot Misses the Net.
0:50 of 2nd period - Andre Burakovsky is hit by Alec Martinez and loses puck.
0:54 of 2nd period - Calle Jarnkrok is hit by Alec Martinez and loses puck.
0:58 of 2nd period - Calle Jarnkrok is hit by Alec Martinez and loses puck.
1:08 of 2nd period - Shot by Andre Burakovsky.
1:08 of 2nd period - Goal by Andre Burakovsky - Flames : 0 - Flyers : 1.
1:09 of 2nd period - Adam Lowry wins face-off versus Mathew Barzal in neutral zone.
1:11 of 2nd period - Justin Faulk is hit by Nikita Zaitsev and loses puck.
1:40 of 2nd period - Shot by Rick Nash.
1:40 of 2nd period - Shot Misses the Net.
1:42 of 2nd period - Shot by John Carlson.
1:42 of 2nd period - Shot Misses the Net.
1:44 of 2nd period - Shot by Adam Lowry.
1:44 of 2nd period - Shot Misses the Net.
1:46 of 2nd period - Shot by John Carlson.
1:46 of 2nd period - Stopped by Ben Bishop without a rebound.
1:47 of 2nd period - Casey Cizikas wins face-off versus Artem Anisimov in Flyers zone.
1:59 of 2nd period - Shot by Viktor Arvidsson.
1:59 of 2nd period - Shot Misses the Net.
2:01 of 2nd period - Shot by Viktor Arvidsson.
2:01 of 2nd period - Shot Blocked by Casey Cizikas.
2:03 of 2nd period - Shot by Artem Anisimov.
2:03 of 2nd period - Shot Misses the Net.
2:05 of 2nd period - Shot by Artem Anisimov.
2:05 of 2nd period - Stopped by Ben Bishop without a rebound.
2:06 of 2nd period - Brandon Sutter wins face-off versus Calle Jarnkrok in Flyers zone.
2:21 of 2nd period - Shot by Mattias Janmark.
2:21 of 2nd period - Stopped by Andrei Vasilevskiy without a rebound.
2:22 of 2nd period - Mathew Barzal wins face-off versus Adam Lowry in Flames zone.
2:51 of 2nd period - Shot by Mathew Barzal.
2:51 of 2nd period - Shot Blocked by Justin Faulk.
2:53 of 2nd period - Shot by Mathew Barzal.
2:53 of 2nd period - Shot Blocked by John Carlson.
2:55 of 2nd period - Shot by Nikita Zaitsev.
2:55 of 2nd period - Stopped by Andrei Vasilevskiy without a rebound.
2:56 of 2nd period - Casey Cizikas wins face-off versus Brandon Sutter in Flames zone.
3:00 of 2nd period - Icing by Jared Spurgeon.
3:01 of 2nd period - Brandon Sutter wins face-off versus Nico Hischier in Flames zone.
3:03 of 2nd period - Icing by Kyle Palmieri.
3:04 of 2nd period - Casey Cizikas wins face-off versus Brandon Sutter in Flames zone.
3:11 of 2nd period - Dominik Simon is hit by Kyle Palmieri and loses puck.
3:36 of 2nd period - Shot by Brandon Sutter.
3:36 of 2nd period - Shot Misses the Net.
3:49 of 2nd period - Off-side.
3:50 of 2nd period - Adam Lowry wins face-off versus Mathew Barzal in neutral zone.
3:53 of 2nd period - Nikita Zaitsev is hit by Adam Lowry and loses puck.
5:17 of 2nd period - Viktor Arvidsson is hit by Jonathan Ericsson and loses puck.
5:49 of 2nd period - Shot by Kyle Palmieri.
5:49 of 2nd period - Deflect By James van Riemsdyk.
5:49 of 2nd period - Shot Blocked by Anthony Beauvillier.
5:51 of 2nd period - Shot by Alec Martinez.
5:51 of 2nd period - Stopped by Ben Bishop without a rebound.
5:52 of 2nd period - Matthew Peca wins face-off versus Calle Jarnkrok in Flyers zone.
5:53 of 2nd period - Shot by Jordan Martinook.
5:53 of 2nd period - Shot Misses the Net.
6:46 of 2nd period - Brandon Sutter is hit by Calle Jarnkrok and loses puck.
7:17 of 2nd period - Shot by Kyle Palmieri.
7:17 of 2nd period - Shot Blocked by Mathew Barzal.
7:25 of 2nd period - Shot by Thomas Vanek.
7:25 of 2nd period - Stopped by Andrei Vasilevskiy without a rebound.
7:26 of 2nd period - Adam Lowry wins face-off versus Casey Cizikas in Flames zone.
7:35 of 2nd period - Shot by Rick Nash.
7:35 of 2nd period - Shot Hit the Post.
7:37 of 2nd period - Shot by Brady Skjei.
7:37 of 2nd period - Stopped by Ben Bishop without a rebound.
7:38 of 2nd period - Artem Anisimov wins face-off versus Nico Hischier in Flyers zone.
7:51 of 2nd period - Shot by Timo Meier.
7:51 of 2nd period - Stopped by Ben Bishop without a rebound.
7:52 of 2nd period - Adam Lowry wins face-off versus Mathew Barzal in Flyers zone.
7:58 of 2nd period - Icing by Andrew MacDonald.
7:59 of 2nd period - Mathew Barzal wins face-off versus Adam Lowry in Flyers zone.
8:01 of 2nd period - Icing by Alexander Killorn.
8:02 of 2nd period - Mathew Barzal wins face-off versus Adam Lowry in Flyers zone.
8:07 of 2nd period - Shot by Rick Nash.
8:07 of 2nd period - Shot Misses the Net.
8:09 of 2nd period - Shot by Adam Lowry.
8:09 of 2nd period - Stopped by Ben Bishop without a rebound.
8:10 of 2nd period - Adam Lowry wins face-off versus Mathew Barzal in Flyers zone.
8:11 of 2nd period - Shot by Alexander Radulov.
8:11 of 2nd period - Shot Misses the Net.
8:37 of 2nd period - Shot by Thomas Vanek.
8:37 of 2nd period - Stopped by Andrei Vasilevskiy with a rebound.
8:43 of 2nd period - Shot by Alexander Killorn.
8:43 of 2nd period - Shot Blocked by Justin Faulk.
8:52 of 2nd period - Off-side.
8:53 of 2nd period - Nico Hischier wins face-off versus Brandon Sutter in neutral zone.
8:53 of 2nd period - Brandon Saad is hit by Kyle Palmieri and loses puck.
8:54 of 2nd period - Minor Penalty to Kyle Palmieri for Slashing.
8:55 of 2nd period - Nico Hischier wins face-off versus Alexander Radulov in Flames zone.
8:56 of 2nd period - Shot by Thomas Vanek.
8:56 of 2nd period - Shot Misses the Net.
8:58 of 2nd period - Shot by Calle Jarnkrok.
8:58 of 2nd period - Shot Blocked by Jared Spurgeon.
9:02 of 2nd period - Shot by Brandon Saad.
9:02 of 2nd period - Shot Blocked by Alec Martinez.
9:04 of 2nd period - Shot by Jonathan Ericsson.
9:04 of 2nd period - Deflect By Brandon Saad.
9:04 of 2nd period - Shot Blocked by Jared Spurgeon.
9:10 of 2nd period - Shot by Nico Hischier.
9:10 of 2nd period - Shot Misses the Net.
9:12 of 2nd period - Shot by Jonathan Ericsson.
9:12 of 2nd period - Shot Misses the Net.
9:24 of 2nd period - Shot by Calle Jarnkrok.
9:24 of 2nd period - Stopped by Andrei Vasilevskiy without a rebound.
9:25 of 2nd period - Mathew Barzal wins face-off versus Brandon Sutter in Flames zone.
10:39 of 2nd period - Shot by Brandon Saad.
10:39 of 2nd period - Shot Misses the Net.
10:41 of 2nd period - Shot by Calle Jarnkrok.
10:41 of 2nd period - Shot Misses the Net.
10:43 of 2nd period - Shot by Brandon Saad.
10:43 of 2nd period - Shot Blocked by Justin Faulk.
10:45 of 2nd period - Shot by Jonathan Ericsson.
10:45 of 2nd period - Stopped by Andrei Vasilevskiy without a rebound.
10:46 of 2nd period - Alexander Radulov wins face-off versus Nico Hischier in Flames zone.
10:46 of 2nd period - Alexander Radulov is hit by Brandon Saad.
11:04 of 2nd period - Jason Garrison is hit by Casey Cizikas and loses puck.
11:15 of 2nd period - Shot by Viktor Arvidsson.
11:15 of 2nd period - Shot Blocked by Ben Hutton.
11:17 of 2nd period - Shot by Brady Skjei.
11:17 of 2nd period - Shot Misses the Net.
11:45 of 2nd period - Jordan Martinook is hit by Casey Cizikas and loses puck.
12:01 of 2nd period - Shot by Andre Burakovsky.
12:01 of 2nd period - Goal by Andre Burakovsky - Flames : 0 - Flyers : 2.
12:02 of 2nd period - Brandon Sutter wins face-off versus Nico Hischier in neutral zone.
12:26 of 2nd period - Shot by Nico Hischier.
12:26 of 2nd period - Deflect By Anthony Beauvillier.
12:26 of 2nd period - Shot Misses the Net.
12:28 of 2nd period - Shot by Anthony Beauvillier.
12:28 of 2nd period - Shot Misses the Net.
12:30 of 2nd period - Shot by Brandon Saad.
12:30 of 2nd period - Shot Misses the Net.
12:41 of 2nd period - Nico Hischier is hit by John Carlson.
12:50 of 2nd period - Jonathan Ericsson is hit by Justin Faulk and loses puck.
12:55 of 2nd period - Shot by Alexander Killorn.
12:55 of 2nd period - Stopped by Andrei Vasilevskiy without a rebound.
12:56 of 2nd period - Calle Jarnkrok wins face-off versus Adam Lowry in Flames zone.
13:01 of 2nd period - Shot by Mattias Janmark.
13:01 of 2nd period - Shot Blocked by Jared Spurgeon.
13:47 of 2nd period - Shot by Artem Anisimov.
13:47 of 2nd period - Deflect By Timo Meier.
13:47 of 2nd period - Shot Misses the Net.
13:53 of 2nd period - Shot by Timo Meier.
13:53 of 2nd period - Stopped by Ben Bishop without a rebound.
13:54 of 2nd period - Matthew Peca wins face-off versus Mathew Barzal in Flyers zone.
14:57 of 2nd period - Shot by Nico Hischier.
14:57 of 2nd period - Stopped by Andrei Vasilevskiy without a rebound.
14:58 of 2nd period - Casey Cizikas wins face-off versus Adam Lowry in Flames zone.
15:15 of 2nd period - Shot by Alexander Radulov.
15:15 of 2nd period - Stopped by Ben Bishop without a rebound.
15:16 of 2nd period - Brandon Sutter wins face-off versus Nico Hischier in Flyers zone.
15:20 of 2nd period - Minor Penalty to Jonathan Ericsson for Hooking.
15:21 of 2nd period - Adam Lowry wins face-off versus Casey Cizikas in Flyers zone.
15:22 of 2nd period - Shot by John Carlson.
15:22 of 2nd period - Stopped by Ben Bishop without a rebound.
15:23 of 2nd period - Casey Cizikas wins face-off versus Adam Lowry in Flyers zone.
16:37 of 2nd period - Shot by Kyle Palmieri.
16:37 of 2nd period - Shot Blocked by Andrew MacDonald.
16:39 of 2nd period - Shot by Brandon Sutter.
16:39 of 2nd period - Shot Misses the Net.
16:41 of 2nd period - Shot by Jared Spurgeon.
16:41 of 2nd period - Stopped by Ben Bishop without a rebound.
16:42 of 2nd period - Alexander Radulov wins face-off versus Casey Cizikas in Flyers zone.
16:51 of 2nd period - Shot by Justin Faulk.
16:51 of 2nd period - Stopped by Ben Bishop with a rebound.
16:53 of 2nd period - Shot by Justin Faulk.
16:53 of 2nd period - Deflect By Alexander Radulov.
16:53 of 2nd period - Shot Misses the Net.
16:55 of 2nd period - Shot by Rick Nash.
16:55 of 2nd period - Shot Misses the Net.
17:21 of 2nd period - Alexander Killorn is hit by Timo Meier and loses puck.
17:44 of 2nd period - Mathew Barzal is hit by Jason Garrison and loses puck.
18:28 of 2nd period - Shot by Kyle Palmieri.
18:28 of 2nd period - Stopped by Ben Bishop with a rebound.
18:46 of 2nd period - Shot by Kyle Palmieri.
18:46 of 2nd period - Shot Misses the Net.
18:48 of 2nd period - Shot by Kyle Palmieri.
18:48 of 2nd period - Shot Misses the Net.
18:50 of 2nd period - Shot by James van Riemsdyk.
18:50 of 2nd period - Goal by James van Riemsdyk - Flames : 1 - Flyers : 2.
18:51 of 2nd period - Nico Hischier wins face-off versus Matthew Peca in neutral zone.
19:04 of 2nd period - Icing by Nikita Zaitsev.
19:05 of 2nd period - Nico Hischier wins face-off versus Adam Lowry in Flyers zone.
19:10 of 2nd period - Adam Lowry is hit by Brandon Saad and loses puck.
19:24 of 2nd period - Shot by Alexander Radulov.
19:24 of 2nd period - Stopped by Ben Bishop without a rebound.
19:25 of 2nd period - Kyle Palmieri wins face-off versus Mathew Barzal in Flyers zone.
19:28 of 2nd period - Shot by Brandon Sutter.
19:28 of 2nd period - Stopped by Ben Bishop without a rebound.
19:29 of 2nd period - Brandon Sutter wins face-off versus Mathew Barzal in Flyers zone.
19:36 of 2nd period - Shot by Jared Spurgeon.
19:36 of 2nd period - Shot Misses the Net.
19:50 of 2nd period - Shot by Kyle Palmieri.
19:50 of 2nd period - Goal by Kyle Palmieri - Flames : 2 - Flyers : 2.
19:51 of 2nd period - Adam Lowry wins face-off versus Calle Jarnkrok in neutral zone.
Goals for this period are 2 for Flames vs 2 for Flyers.
Shots for this period are 16 for Flames vs 10 for Flyers.

3rd period


0:01 of 3rd period - Adam Lowry wins face-off versus Nico Hischier in neutral zone.
0:08 of 3rd period - Shot by Adam Lowry.
0:08 of 3rd period - Shot Misses the Net.
0:19 of 3rd period - Off-side.
0:20 of 3rd period - Brandon Sutter wins face-off versus Mathew Barzal in neutral zone.
0:34 of 3rd period - Shot by Brandon Sutter.
0:34 of 3rd period - Stopped by Ben Bishop with a rebound.
0:36 of 3rd period - Shot by Alec Martinez.
0:36 of 3rd period - Shot Misses the Net.
0:38 of 3rd period - Shot by Kyle Palmieri.
0:38 of 3rd period - Stopped by Ben Bishop without a rebound.
0:39 of 3rd period - Nico Hischier wins face-off versus Adam Lowry in Flyers zone.
1:09 of 3rd period - Shot by Adam Lowry.
1:09 of 3rd period - Shot Misses the Net.
1:16 of 3rd period - Ben Hutton is hit by Adam Lowry and loses puck.
1:29 of 3rd period - Shot by Mathew Barzal.
1:29 of 3rd period - Stopped by Andrei Vasilevskiy without a rebound.
1:30 of 3rd period - Mathew Barzal wins face-off versus Brandon Sutter in Flames zone.
2:02 of 3rd period - Shot by Mathew Barzal.
2:02 of 3rd period - Shot Misses the Net.
2:04 of 3rd period - Shot by Thomas Vanek.
2:04 of 3rd period - Shot Misses the Net.
2:06 of 3rd period - Shot by Thomas Vanek.
2:06 of 3rd period - Shot Misses the Net.
2:08 of 3rd period - Shot by Alexander Killorn.
2:08 of 3rd period - Stopped by Andrei Vasilevskiy without a rebound.
2:09 of 3rd period - Calle Jarnkrok wins face-off versus Artem Anisimov in Flames zone.
2:11 of 3rd period - Andre Burakovsky is hit by Brady Skjei and loses puck.
2:24 of 3rd period - Shot by Matt Benning.
2:24 of 3rd period - Shot Misses the Net.
2:26 of 3rd period - Shot by Robert Bortuzzo.
2:26 of 3rd period - Shot Blocked by Brady Skjei.
2:28 of 3rd period - Shot by Matt Benning.
2:28 of 3rd period - Stopped by Andrei Vasilevskiy with a rebound.
2:30 of 3rd period - Shot by Mattias Janmark.
2:30 of 3rd period - Shot Hit the Post.
2:32 of 3rd period - Shot by Robert Bortuzzo.
2:32 of 3rd period - Goal by Robert Bortuzzo - Flames : 2 - Flyers : 3.
2:33 of 3rd period - Adam Lowry wins face-off versus Nico Hischier in neutral zone.
2:42 of 3rd period - Nico Hischier is hit by Alexander Radulov and loses puck.
2:49 of 3rd period - Ben Hutton is hit by Alexander Radulov and loses puck.
3:00 of 3rd period - Shot by Nico Hischier.
3:00 of 3rd period - Shot Blocked by John Carlson.
3:28 of 3rd period - Shot by Brandon Sutter.
3:28 of 3rd period - Stopped by Ben Bishop without a rebound.
3:29 of 3rd period - Mathew Barzal wins face-off versus Artem Anisimov in Flyers zone.
3:33 of 3rd period - Thomas Vanek is hit by Jason Garrison and loses puck.
3:50 of 3rd period - Jason Garrison is hit by Alexander Killorn and loses puck.
3:57 of 3rd period - Shot by Artem Anisimov.
3:57 of 3rd period - Shot Hit the Post.
3:59 of 3rd period - Shot by Artem Anisimov.
3:59 of 3rd period - Stopped by Ben Bishop without a rebound.
4:00 of 3rd period - Brandon Sutter wins face-off versus Calle Jarnkrok in Flyers zone.
4:24 of 3rd period - Shot by Mattias Janmark.
4:24 of 3rd period - Stopped by Andrei Vasilevskiy without a rebound.
4:25 of 3rd period - Adam Lowry wins face-off versus Casey Cizikas in Flames zone.
4:30 of 3rd period - Shot by Dominik Simon.
4:30 of 3rd period - Deflect By Jori Lehtera.
4:30 of 3rd period - Stopped by Andrei Vasilevskiy without a rebound.
4:31 of 3rd period - Mathew Barzal wins face-off versus Adam Lowry in Flames zone.
4:31 of 3rd period - Alexander Killorn is hit by John Carlson and loses puck.
5:01 of 3rd period - Off-side.
5:02 of 3rd period - Nico Hischier wins face-off versus Brandon Sutter in neutral zone.
5:02 of 3rd period - Minor Penalty to Kyle Palmieri for Goalie Interference.
5:03 of 3rd period - Adam Lowry wins face-off versus Nico Hischier in Flames zone.
5:29 of 3rd period - Shot by Calle Jarnkrok.
5:29 of 3rd period - Shot Misses the Net.
5:31 of 3rd period - Shot by Calle Jarnkrok.
5:31 of 3rd period - Shot Misses the Net.
5:33 of 3rd period - Shot by Brandon Saad.
5:33 of 3rd period - Shot Blocked by Alec Martinez.
6:25 of 3rd period - Shot by Alexander Killorn.
6:25 of 3rd period - Shot Blocked by John Carlson.
6:45 of 3rd period - Jonathan Ericsson is hit by Matthew Peca and loses puck.
6:58 of 3rd period - Adam Lowry is hit by Calle Jarnkrok and loses puck.
7:14 of 3rd period - Icing by Jason Garrison.
7:15 of 3rd period - Artem Anisimov wins face-off versus Casey Cizikas in Flames zone.
7:24 of 3rd period - Shot by Artem Anisimov.
7:24 of 3rd period - Deflect By Viktor Arvidsson.
7:24 of 3rd period - Shot Misses the Net.
8:14 of 3rd period - Alexander Killorn is hit by Alec Martinez and loses puck.
8:25 of 3rd period - Mathew Barzal is hit by Rick Nash and loses puck.
8:43 of 3rd period - Adam Lowry is hit by Nikita Zaitsev and loses puck.
8:45 of 3rd period - Minor Penalty to Adam Lowry for Holding.
8:46 of 3rd period - Nico Hischier wins face-off versus Alexander Radulov in Flames zone.
8:47 of 3rd period - Shot by Brandon Saad.
8:47 of 3rd period - Stopped by Andrei Vasilevskiy with a rebound.
8:49 of 3rd period - Shot by Calle Jarnkrok.
8:49 of 3rd period - Shot Misses the Net.
8:51 of 3rd period - Shot by Brandon Saad.
8:51 of 3rd period - Shot Misses the Net.
8:53 of 3rd period - Shot by Nico Hischier.
8:53 of 3rd period - Shot Misses the Net.
9:45 of 3rd period - Shot by Anthony Beauvillier.
9:45 of 3rd period - Stopped by Andrei Vasilevskiy without a rebound.
9:46 of 3rd period - Brandon Sutter wins face-off versus Mathew Barzal in Flames zone.
10:00 of 3rd period - Icing by Alexander Killorn.
10:01 of 3rd period - Mathew Barzal wins face-off versus David Kampf in Flyers zone.
10:29 of 3rd period - Icing by Calle Jarnkrok.
10:30 of 3rd period - Nico Hischier wins face-off versus Alexander Radulov in Flyers zone.
11:02 of 3rd period - Shot by Jori Lehtera.
11:02 of 3rd period - Stopped by Andrei Vasilevskiy without a rebound.
11:03 of 3rd period - Artem Anisimov wins face-off versus Calle Jarnkrok in Flames zone.
11:26 of 3rd period - Justin Faulk is hit by Andre Burakovsky and loses puck.
11:35 of 3rd period - Calle Jarnkrok is hit by Timo Meier.
11:49 of 3rd period - Icing by Nikita Zaitsev.
11:50 of 3rd period - Adam Lowry wins face-off versus Calle Jarnkrok in Flyers zone.
11:51 of 3rd period - Shot by Alexander Radulov.
11:51 of 3rd period - Shot Blocked by Ben Hutton.
12:05 of 3rd period - Shot by Adam Lowry.
12:05 of 3rd period - Stopped by Ben Bishop without a rebound.
12:06 of 3rd period - Nico Hischier wins face-off versus Brandon Sutter in Flyers zone.
12:15 of 3rd period - Shot by Brandon Saad.
12:15 of 3rd period - Shot Misses the Net.
12:27 of 3rd period - Shot by Brandon Saad.
12:27 of 3rd period - Stopped by Andrei Vasilevskiy without a rebound.
12:28 of 3rd period - Mathew Barzal wins face-off versus Adam Lowry in Flames zone.
12:31 of 3rd period - Shot by Mathew Barzal.
12:31 of 3rd period - Deflect By Alexander Killorn.
12:31 of 3rd period - Shot Blocked by Alec Martinez.
12:49 of 3rd period - Shot by Rick Nash.
12:49 of 3rd period - Stopped by Ben Bishop without a rebound.
12:50 of 3rd period - Nico Hischier wins face-off versus Brandon Sutter in Flyers zone.
13:14 of 3rd period - Shot by Anthony Beauvillier.
13:14 of 3rd period - Shot Misses the Net.
13:17 of 3rd period - Icing by Justin Faulk.
13:18 of 3rd period - Mathew Barzal wins face-off versus James van Riemsdyk in Flames zone.
13:49 of 3rd period - Alexander Killorn is hit by Alec Martinez and loses puck.
14:14 of 3rd period - Icing by Alec Martinez.
14:15 of 3rd period - Adam Lowry wins face-off versus Nico Hischier in Flames zone.
14:23 of 3rd period - Icing by Alec Martinez.
14:24 of 3rd period - Calle Jarnkrok wins face-off versus Adam Lowry in Flames zone.
14:29 of 3rd period - Shot by Andre Burakovsky.
14:29 of 3rd period - Stopped by Andrei Vasilevskiy without a rebound.
14:30 of 3rd period - Matthew Peca wins face-off versus Nico Hischier in Flames zone.
14:32 of 3rd period - Icing by John Carlson.
14:33 of 3rd period - Nico Hischier wins face-off versus Matthew Peca in Flames zone.
14:34 of 3rd period - Shot by Anthony Beauvillier.
14:34 of 3rd period - Stopped by Andrei Vasilevskiy without a rebound.
14:35 of 3rd period - Nico Hischier wins face-off versus Brandon Sutter in Flames zone.
14:36 of 3rd period - Shot by Anthony Beauvillier.
14:36 of 3rd period - Deflect By Brandon Saad.
14:36 of 3rd period - Stopped by Andrei Vasilevskiy without a rebound.
14:37 of 3rd period - Adam Lowry wins face-off versus Nico Hischier in Flames zone.
14:37 of 3rd period - Adam Lowry is hit by Anthony Beauvillier.
14:50 of 3rd period - Anthony Beauvillier is hit by Justin Faulk and loses puck.
15:16 of 3rd period - Icing by Andrew MacDonald.
15:17 of 3rd period - Nico Hischier wins face-off versus Brandon Sutter in Flyers zone.
15:17 of 3rd period - Nico Hischier is hit by Kyle Palmieri.
15:54 of 3rd period - Shot by Mathew Barzal.
15:54 of 3rd period - Stopped by Andrei Vasilevskiy without a rebound.
15:55 of 3rd period - Matthew Peca wins face-off versus Calle Jarnkrok in Flames zone.
16:58 of 3rd period - Shot by Thomas Vanek.
16:58 of 3rd period - Stopped by Andrei Vasilevskiy without a rebound.
16:59 of 3rd period - Casey Cizikas wins face-off versus Adam Lowry in Flames zone.
16:59 of 3rd period - Casey Cizikas is hit by Justin Faulk.
17:01 of 3rd period - Shot by Jori Lehtera.
17:01 of 3rd period - Stopped by Andrei Vasilevskiy without a rebound.
17:02 of 3rd period - Adam Lowry wins face-off versus Casey Cizikas in Flames zone.
17:15 of 3rd period - Icing by Dominik Simon.
17:16 of 3rd period - Brandon Sutter wins face-off versus Casey Cizikas in Flyers zone.
17:16 of 3rd period - Brandon Sutter is hit by Andrew MacDonald.
17:17 of 3rd period - Brandon Sutter from Flames is injured at 17:17 of 3rd period (Strained Left Elbow).
17:18 of 3rd period - Nico Hischier wins face-off versus Adam Lowry in Flyers zone.
17:29 of 3rd period - Icing by Justin Faulk.
17:30 of 3rd period - Adam Lowry wins face-off versus Mathew Barzal in Flames zone.
17:40 of 3rd period - Off-side.
17:41 of 3rd period - Nico Hischier wins face-off versus Artem Anisimov in neutral zone.
17:58 of 3rd period - Shot by Anthony Beauvillier.
17:58 of 3rd period - Shot Misses the Net.
18:06 of 3rd period - Shot by Brandon Saad.
18:06 of 3rd period - Shot Misses the Net.
19:05 of 3rd period - Shot by Alexander Killorn.
19:05 of 3rd period - Deflect By Mathew Barzal.
19:05 of 3rd period - Stopped by Andrei Vasilevskiy without a rebound.
19:06 of 3rd period - Casey Cizikas wins face-off versus Adam Lowry in Flames zone.
19:35 of 3rd period - Icing by John Carlson.
19:36 of 3rd period - Casey Cizikas wins face-off versus Adam Lowry in Flames zone.
19:41 of 3rd period - Shot by Calle Jarnkrok.
19:41 of 3rd period - Shot Blocked by John Carlson.
19:53 of 3rd period - Shot by Calle Jarnkrok.
19:53 of 3rd period - Stopped by Andrei Vasilevskiy without a rebound.
19:54 of 3rd period - Artem Anisimov wins face-off versus Calle Jarnkrok in Flames zone.
Goals for this period are 0 for Flames vs 1 for Flyers.
Shots for this period are 6 for Flames vs 18 for Flyers.